 Dungeon Crawl Stone Soup version 0.32-a0-128-g77eb882913 (webtiles) character file.

Game seed: 16274514296733778973

1791 whatisthis the Magician (level 9, 0/74 HPs)
             Began as an Oni Air Elementalist on Feb 7, 2024.
             Was a Follower of Sif Muna.
             Slain by a gnoll
             ... wielding a +0 halberd
             ... led by a gnoll bouda
              (15 damage)
             ... on level 7 of the Dungeon.
             The game lasted 00:18:45 (8807 turns).

whatisthis the Magician (Oni Air Elementalist)      Turns: 8807, Time: 00:18:45

Health: 0/74       AC:  3    Str: 14    XL:     9   Next: 8%
Magic:  5/20       EV:  9    Int: 20    God:    Sif Muna [*.....]
Gold:   328        SH:  0    Dex:  9    Spells: 13/23 levels left

rFire   . . .        w - +2 quarterstaff (spect)
rCold   . . .        (shield currently unavailable)
rNeg    . . .        a - +0 robe
rPois   .            (helmet restricted)
rElec   .            (no cloak)
rCorr   .            (gloves unavailable)
SInv    .            (boots unavailable)
Will    .....        (no amulet)
Stlth   +            (no ring)
HPRegen 0.32/turn    (no ring)
MPRegen 0.17/turn

%: no passive effects
@: lethally poisoned (0 -> -2)
A: large, unfitting armour, horns 1, tough skin 1, double potion healing,
drunken brawling
a: Renounce Religion, Channel Magic


You were on level 7 of the Dungeon.
You worshipped Sif Muna.
Sif Muna was aware of your devotion.
You visited 2 branches of the dungeon, and saw 8 of its levels.

You collected 328 gold pieces.

Inventory:

Hand Weapons
 w - a +2 spectral quarterstaff (weapon)
 z - a +2 dagger of venom
Missiles
 n - 6 poisoned darts
 s - 6 boomerangs
 A - 2 throwing nets
Armour
 a - a +0 robe (worn)
Jewellery
 l - an amulet of faith
 B - a ring of ice
Wands
 y - a wand of flame (15)
Scrolls
 c - 3 scrolls of teleportation {unknown}
 d - a scroll of vulnerability {unknown}
 h - 2 scrolls of revelation {unknown}
 i - 7 scrolls of enchant armour {unknown}
 j - 8 scrolls of identify {unknown}
 o - a scroll of enchant weapon {unknown}
 r - a scroll of poison {unknown}
 v - a scroll of fog {unknown}
 C - a scroll of amnesia {unknown}
Potions
 b - a potion of attraction {unknown}
 e - a potion of brilliance {unknown}
 f - 2 potions of curing
 g - 3 potions of enlightenment {unknown}
 k - a potion of cancellation {unknown}
 m - a potion of lignification {unknown}
 p - 2 potions of might {unknown}
 q - a potion of invisibility {unknown}
 t - a potion of heal wounds {unknown}
 u - 2 potions of haste {unknown}
 x - a potion of mutation {unknown}


   Skills:
 - Level 1.7 Dodging
 - Level 1.4 Stealth
 + Level 7.6 Spellcasting
 + Level 6.0 Conjurations
 + Level 6.6 Air Magic


You had 13 spell levels left.
You knew the following spells:

 Your Spells              Type           Power      Damage    Failure   Level
a - Shock                 Conj/Air       100%       1d9       1%          1
b - Static Discharge      Conj/Air       64%        3-6/arc   1%          2
c - Swiftness             Air            34%        N/A       1%          3
d - Airstrike             Air            17%        2d(3-19)  6%          4

Your spell library contained the following spells:

 Spells                   Type           Power      Damage    Failure   Level
 Tukima's Dance           Hex            7%         N/A       26%         3
 Passage of Golubria      Tloc           7%         N/A       65%         4
 Yara's Violent Unravell  Hex/Alch       3%         3d4       94%         5


Dungeon Overview and Level Annotations

Branches:
Dungeon (7/15)             Temple (1/1) D:4

Altars:
Ashenzari
Dithmenos
Elyvilon
Fedhas
Gozag
Hepliaklqana
Nemelex Xobeh
Okawaru
Ru
Sif Muna
Wu Jian
Xom
Yredelemnul
The Shining One

Shops:
D:1 !*   D:2 *   D:3 ?   D:5 ?

Annotations:
D:2 Terence
D:6 Sigmund


Innate Abilities, Weirdness & Mutations

You are too large for most types of armour.
You have a pair of small horns on your head.
You have tough skin. (AC +1)
You gain doubled healing and magic from potions.
Whenever you drink a healing potion, you attack all around you.


Message History

The gnoll barely misses you.
Unknown command.
Casting: Static Discharge (safe; 1% risk of failure)
Confirm with . or Enter, or press ? or * to list all spells.
The killer bee is struck by an arc of lightning.
The killer bee is almost dead.
The gnoll bouda is struck by an arc of lightning.
The gnoll bouda is lightly wounded.
The killer bee is struck by an arc of lightning.
You kill the killer bee!
Sif Muna accepts your kill.
The lightning grounds out.
You feel sick.
The gnoll hits you from afar with a +0 spear. x2
Your Conjurations skill increases to level 6!
Unknown command.
Casting: Static Discharge (safe; 1% risk of failure)
Confirm with . or Enter, or press ? or * to list all spells.
The gnoll bouda is struck by an arc of lightning!
The gnoll bouda is heavily wounded.
The gnoll is struck by an arc of lightning.
The gnoll is almost dead.
The gnoll is struck by an arc of lightning.
The gnoll is almost dead.
The lightning grounds out.
You feel sick.
The gnoll hits you from afar with a +0 spear!
The gnoll hits you from afar with a +0 spear.
The gnoll bouda hits you with a +0 whip!
* * * LOW HITPOINT WARNING * * *
Casting: Static Discharge (safe; 1% risk of failure)
Confirm with . or Enter, or press ? or * to list all spells.
The gnoll bouda is struck by an arc of lightning.
The gnoll bouda is severely wounded.
The gnoll is struck by an arc of lightning!
You kill the gnoll!
Sif Muna accepts your kill.
The lightning grounds out.
You feel sick.
The gnoll hits you from afar with a +0 spear.
* * * LOW HITPOINT WARNING * * *
The gnoll hits you from afar with a +0 halberd!
You die...

### ..# ###+### #.#
....... #.# .....
#.########
#.)##......).#
#.gg@.###....#
#.g######....########
.....
.......†.'......#
.......
.........######..
###+####.........#
### ......###.#
###### #.# #.. ###


You could see a gnoll bouda and 2 gnolls.

Vanquished Creatures
  Duvessa (D:5)
  3 ogres
  A gnoll sergeant (D:6)
  A bullfrog (D:7)
  3 scorpions
  Dowan (D:5)
  A killer bee (D:7)
  A howler monkey (D:5)
  4 bombardier beetles (D:5)
  4 hounds
  6 orc priests
  A sleepcap (D:4)
  2 iguanas (D:6)
  2 gnoll boudas
  3 orc wizards
  18 gnolls
  7 adders
  2 ufetubi (D:3)
  A ribbon worm (D:4)
  3 dart slugs (D:1)
  22 orcs
  8 endoplasms
  4 giant cockroaches
  7 goblins
  4 hobgoblins
  6 jackals
  4 quokkas
  8 ball pythons
  7 bats
  5 frilled lizards
  4 kobolds
  4 rats
148 creatures vanquished.

Notes
Turn   | Place    | Note
-------+----------+-------------------------------------------
     0 | D:1      | whatisthis the Oni Air Elementalist began the quest for the
                  | Orb.
     0 | D:1      | Reached XP level 1. HP: 16/16 MP: 3/3
    54 | D:1      | Reached skill level 1 in Conjurations
   164 | D:1      | Reached XP level 2. HP: 24/24 MP: 1/5
   457 | D:1      | Reached skill level 3 in Spellcasting
   479 | D:1      | Reached XP level 3. HP: 26/31 MP: 0/7
   729 | D:1      | Found Feazopp's Distillery.
  1099 | D:2      | Found Jerox's General Store.
  1101 | D:2      | Found a basalt altar of Yredelemnul.
  1501 | D:2      | Noticed Terence
  1835 | D:2      | Reached XP level 4. HP: 12/39 MP: 1/9
  2768 | D:3      | Reached XP level 5. HP: 45/45 MP: 8/10
  3103 | D:3      | Reached skill level 4 in Spellcasting
  3297 | D:3      | Found Fylihuca's Magic Scroll Shop.
  3557 | D:3      | Found a faded altar of an unknown god.
  3615 | D:3      | Found a sacrificial altar of Ru.
  3811 | D:3      | Reached XP level 6. HP: 53/53 MP: 7/12
  4803 | D:4      | Found a staircase to the Ecumenical Temple.
  4819 | Temple   | Entered the Ecumenical Temple
  4829 | Temple   | Became a worshipper of Sif Muna the Loreminder
  5124 | D:5      | Entered Level 5 of the Dungeon
  5133 | D:4      | Reached skill level 5 in Spellcasting
  5133 | D:4      | Reached XP level 7. HP: 22/59 MP: 8/14
  5563 | D:5      | Found a sparkling altar of Nemelex Xobeh.
  5596 | D:5      | Found a hazy altar of Hepliaklqana.
  5597 | D:5      | Found a shimmering altar of Xom.
  5598 | D:5      | Noticed a spectral ugly thing
  5621 | D:5      | Reached skill level 5 in Air Magic
  5684 | D:5      | Found Jogoi's Magic Scroll Shop.
  5780 | D:4      | Reached * piety under Sif Muna
  5890 | D:5      | Found a shadowy altar of Dithmenos.
  5892 | D:5      | Noticed Duvessa
  6072 | D:5      | Learned a level 2 spell: Static Discharge
  6076 | D:5      | Learned a level 3 spell: Swiftness
  6097 | D:5      | Found a broken altar of Ashenzari.
  6260 | D:5      | Reached skill level 6 in Spellcasting
  6260 | D:5      | Reached XP level 8. HP: 58/67 MP: 9/17
  6399 | D:5      | Noticed Dowan
  6422 | D:5      | Killed Duvessa
  6600 | D:5      | Killed Dowan
  6601 | D:5      | Reached skill level 5 in Conjurations
  6814 | D:5      | Found an iron altar of Okawaru.
  6948 | D:6      | Noticed Sigmund
  7507 | D:6      | Reached skill level 7 in Spellcasting
  8629 | D:7      | Reached XP level 9. HP: 57/74 MP: 14/20
  8669 | D:7      | Learned a level 4 spell: Airstrike
  8807 | D:7      | Slain by a gnoll

Illustrated notes

Levels and vault maps discovered:
D:1:      minmay_arrival_five_plusses, layout_basic, serial_shops,
          nicolae_shop_tiny_statue_garden, st_stairs_9
D:2:      layout_loops_cross, serial_shops, shop, basic_altar, minivault_5,
          uniq_terence
D:3:      cheibrodos_pilgrimage, layout_loops_corners,
          mainiacjoe_overflow_24_doors, serial_shops, nicolae_shop_peninsula,
          dreamdust_ecumenical_altar_statues
D:4:      layout_cave_pools, temple_fountains
D:5:      layout_basic, regret_index_temple_of_mockery,
          mainiacjoe_overflow_paths, nicolae_dithmenos_shadow_blocks,
          kennysheep_mini, okawaru_metal_pillars_1_2, serial_shops,
          nicolae_shop_just_a_little_nook, uniq_duvessa
D:6:      layout_cave_pods, uniq_sigmund
D:7:      lemuel_slime, layout_basic, tgw_trog,
          gammafunk_temple_overflow_forgotten, minivault_4,
          kennysheep_generic_room_11, uniq_menkaure
Temple:   hellmonk_temple_rainy

Skill      XL: |  1  2  3  4  5  6  7  8  9 |
---------------+----------------------------+-----
Conjurations   | 1 2 3 4 5 6 |  6.0
Air Magic      | 3 4 5 6 |  6.6
Spellcasting   | 3 4 5 6 7 |  7.6
Dodging        | |  1.7
Stealth        | |  1.4

Action                     |  1- 3 |  4- 6 |  7- 9 || total
---------------------------+-------+-------+-------++-------
  Melee: Unarmed           |    20 |       |       ||    20
         Headbutt          |     1 |     2 |       ||     3
         Dagger            |       |    11 |       ||    11
         Quarterstaff      |       |       |     1 ||     1
  Throw: Dart              |       |     4 |       ||     4
   Cast: Shock             |    84 |   138 |   145 ||   367
         Static Discharge  |       |       |    55 ||    55
    Use: Potion            |     1 |     1 |       ||     2
 Armour: Robe              |    41 |    72 |   149 ||   262
  Dodge: Dodged            |    22 |    44 |    40 ||   106

Table legend: (Time is in decaauts)
 A = Elapsed time spent in this place.
 B = Non-inter-level travel time spent in this place.
 C = Inter-level travel time spent in this place.
 D = Time resting spent in this place.
 E = Time spent auto-exploring this place.
 F = Levels seen in this place.
 G = Mean time per level.
                   A        B        C        D        E       F      G
               +--------+--------+--------+--------+--------+-----+--------+
         Total |   8820 |   8281 |    539 |   3327 |   2839 |   8 | 1102.5 |
       Dungeon |   8801 |   8269 |    532 |   3327 |   2839 |   7 | 1257.3 |
        Temple |     18 |     11 |      7 |      0 |      0 |   1 |   18.0 |
               +--------+--------+--------+--------+--------+-----+--------+

Top non-repeatable levels by time:
     D:5: 2227 daAuts
     D:3: 1907 daAuts
     D:1: 1419 daAuts
     D:4: 1208 daAuts
     D:2: 1038 daAuts
     D:6: 814 daAuts
     D:7: 186 daAuts
  Temple: 18 daAuts
